 Dungeon Crawl Stone Soup version 0.29-a0-559-g359e09b9d1 (webtiles) character file.

Game seed: 13423244025549737702

134660 DocClef the Covert (level 17, -2/130 (136) HPs)
             Began as a Gnoll Delver on June 9, 2022.
             Was a High Priest of Okawaru.
             Slain by a +2 glaive of venom (14 damage)
             ... on level 2 of the Elven Halls.
             The game lasted 00:56:14 (27314 turns).

DocClef the Covert (Gnoll Delver)                  Turns: 27314, Time: 00:56:15

HP:   -2/130 (136)  AC: 30    Str: 19    XL:     17   Next: 17%
MP:   27/32         EV: 31    Int: 11    God:    Okawaru [*****.]
Gold: 2989          SH: 12    Dex: 34    Spells: 39/39 levels left

rFire   . . .      SeeInvis .   b - +3 war axe (vamp)
rCold   . . .      Faith    .   Q - +1 buckler of Fepax {Stlth+}
rNeg    . . .      Spirit   .   Y - quicksilver dragon scales
rPois   .          Reflect  .   t - +2 helmet
rElec   .          Harm     .   T - +2 cloak {rCorr}
rCorr   +          Rampage  .   z - +2 pair of gloves {hurl}
Will    ++...                   o - +2 pair of boots {Stlth+}
Stlth   ++++++++++              l - amulet of the Salmon {Acrobat Dex+10}
HPRegen 0.31/turn               A - ring of the Lizard {Str+6 Dex+5}
MPRegen 0.23/turn               M - +4 ring of slaying

@: lethally poisoned (-2 -> -7), heroic, finesse-ful, lightly drained
A: fangs 1, strong nose, distributed training
a: Renounce Religion, Heroism, Finesse, Duel


You were on level 2 of the Elven Halls.
You worshipped Okawaru.
Okawaru was extremely pleased with you.
You visited 5 branches of the dungeon, and saw 22 of its levels.
You also visited: Gauntlet and Ice Cave.

You collected 3077 gold pieces.
You spent 88 gold pieces at shops.

Inventory:

Hand Weapons
 b - a +3 vampiric war axe (weapon)
 L - the +7 short sword of Moderation {holy, Str+4}
   (You found it on level 8 of the Dungeon)

   It has been blessed by the Shining One to cause great damage to the undead
   and demons.
   Str:       It affects your strength (+4).
Missiles
 m - 3 throwing nets (quivered)
 R - 25 javelins
 X - 5 silver javelins
Armour
 o - a +2 pair of boots of stealth (worn)
 t - a +2 helmet (worn)
 w - +0 shadow dragon scales
 z - a +2 pair of gloves of hurling (worn)
 Q - the +1 buckler of Fepax (worn) {Stlth+}
   (You found it on level 11 of the Dungeon)

   Stlth:     It makes you more stealthy.
 T - a +2 cloak of preservation (worn)
 Y - quicksilver dragon scales (worn)
 Z - the +2 ring mail of Indemnity {Rampage +Blink rElec Str+7}
   (You took it off a minotaur in a Gauntlet)

   Str:       It affects your strength (+7).
   rElec:     It insulates you from electricity.
   +Blink:    It lets you blink.
   Rampage:   It bestows one free step when moving towards enemies.
Jewellery
 h - a +4 ring of protection
 j - a ring of poison resistance
 l - the amulet of the Salmon (around neck) {Acrobat Dex+10}
   (You found it on level 10 of the Dungeon)

   [amulet of the acrobat]

   It increases your evasion while moving and waiting.
   Dex:       It affects your dexterity (+10).
 y - an amulet of magic regeneration
 A - the ring of the Lizard (left hand) {Str+6 Dex+5}
   (You found it in a Gauntlet)

   [ring of strength]

   Str:       It affects your strength (+6).
   Dex:       It affects your dexterity (+5).
 D - the ring of Suspected Treachery {EV+4 Str-3 Dex+4 SInv Stlth+}
   (You took it off a minotaur in a Gauntlet)

   [ring of evasion]

   EV:        It affects your evasion (+4).
   Str:       It affects your strength (-3).
   Dex:       It affects your dexterity (+4).
   SInv:      It lets you see invisible.
   Stlth:     It makes you more stealthy.
 E - a ring of fire
 G - an amulet of regeneration
 J - a ring of protection from cold
 M - a +4 ring of slaying (right hand)
 U - a ring of willpower
Wands
 g - a wand of digging (3)
 F - a wand of paralysis (6)
 H - a wand of iceblast (21)
 N - a wand of flame (16)
 P - a wand of acid (8)
 S - a wand of polymorph (4)
Scrolls
 c - a scroll of fog
 d - 3 scrolls of magic mapping
 e - 4 scrolls of fear
 i - 4 scrolls of amnesia
 k - 7 scrolls of identify
 n - 4 scrolls of teleportation
 p - a scroll of brand weapon
 s - 3 scrolls of blinking
 v - a scroll of enchant weapon
Potions
 a - 2 potions of flight
 f - 13 potions of haste
 q - 5 potions of heal wounds
 r - 8 potions of curing
 u - 7 potions of mutation
 x - a potion of invisibility
 B - a potion of cancellation
 C - 4 potions of might
 I - 3 potions of resistance
 K - 3 potions of brilliance
 O - 2 potions of berserk rage
 V - 4 potions of lignification
 W - 2 potions of magic


   Skills:
 + Level 13.1(18.1) Fighting
 + Level 12.3(17.3) Short Blades
 + Level 11.5(16.5) Long Blades
 + Level 11.5(16.5) Axes
 + Level 11.5(16.5) Maces & Flails
 + Level 11.5(16.5) Polearms
 + Level 11.5(16.5) Staves
 + Level 11.5(16.5) Slings
 + Level 11.5(16.5) Bows
 + Level 11.5(16.5) Crossbows
 + Level 11.5(16.5) Throwing
 + Level 11.5(16.5) Armour
 + Level 12.3(17.3) Dodging
 + Level 14.6(19.6) Stealth
 + Level 11.5(16.5) Shields
 + Level 11.5(16.5) Unarmed Combat
 + Level 11.5 Spellcasting
 + Level 9.7 Conjurations
 + Level 9.7 Hexes
 + Level 9.7 Summonings
 + Level 9.7 Necromancy
 + Level 9.7 Translocations
 + Level 9.7 Transmutations
 + Level 9.7 Fire Magic
 + Level 9.7 Ice Magic
 + Level 9.7 Air Magic
 + Level 9.7 Earth Magic
 + Level 9.7 Poison Magic
 + Level 12.4 Invocations
 + Level 11.5 Evocations


You had 39 spell levels left.
You didn't know any spells.
Your spell library contained the following spells:

 Spells                   Type           Power      Damage    Failure   Level
 Apportation              Tloc           54%        N/A       1%          1
 Beastly Appendage        Tmut           54%        N/A       1%          1
 Necrotize                Necr           100%       1d9       1%          1
 Sandblast                Erth           54%        2d13      1%          1
 Blink                    Tloc           54%        N/A       1%          2
 Passwall                 Tmut/Erth      22%        N/A       1%          2
 Static Discharge         Conj/Air       27%        N/A       1%          2
 Sublimation of Blood     Necr           27%        N/A       1%          2
 Wereblood                Tmut           27%        N/A       1%          2
 Dazzling Flash           Conj/Hex       54%        N/A       1%          3
 Gell's Gravitas          Tloc           27%        N/A       1%          3
 Lesser Beckoning         Tloc           27%        N/A       1%          3
 Ozocubu's Armour         Ice            27%        N/A       1%          3
 Portal Projectile        Hex/Tloc       54%        N/A       1%          3
 Spider Form              Tmut/Pois      27%        N/A       1%          3
 Stone Arrow              Conj/Erth      54%        3d10      1%          3
 Corpse Rot               Necr/Pois/Air  27%        N/A       3%          4
 Dispel Undead            Necr           27%        3d13      3%          4
 Iskenderun's Mystic Bla  Conj/Tloc      27%        2d7       3%          4
 Leda's Liquefaction      Hex/Erth       13%        N/A       3%          4
 Sticky Flame             Conj/Fire      27%        2d5       3%          4
 Agony                    Necr           27%        N/A       9%          5
 Blade Hands              Tmut           13%        N/A       9%          5
 Freezing Cloud           Conj/Ice/Air   13%        6-21      9%          5
 Manifold Assault         Tloc           27%        N/A       9%          5
 Starburst                Conj/Fire      13%        6d6       45%         6
 Ozocubu's Refrigeration  Ice            13%        4d7       95%         7
 Storm Form               Tmut/Air       13%        N/A       95%         7
 Disjunction              Tloc           13%        N/A       100%        8
 Polar Vortex             Ice            13%        N/A       100%        9
 Summon Small Mammal      Summ           Unusable   N/A       N/A         1
 Call Canine Familiar     Summ           Unusable   N/A       N/A         3
 Tukima's Dance           Hex            Unusable   N/A       N/A         3
 Animate Dead             Necr           Unusable   N/A       N/A         4
 Simulacrum               Ice/Necr       Unusable   N/A       N/A         6
 Malign Gateway           Summ/Tloc      Unusable   N/A       N/A         7

Dungeon Overview and Level Annotations

Branches:
Dungeon (11/15)            Temple (1/1) D:7            Lair (6/6) D:9
  Swamp (0/4) Lair:4        Snake (0/4) Lair:2        Slime (0/5) Lair:5
    Orc (2/2) D:11            Elf (2/3) Orc:2         IceCv (visited)
Gauntlet (visited)

Altars:
Ashenzari
Cheibriados
Dithmenos
Elyvilon
Fedhas
Gozag
Hepliaklqana
Kikubaaqudgha
Makhleb
Nemelex Xobeh
Okawaru
Qazlal
Ru
Sif Muna
Trog
Uskayaw
Vehumet
Wu Jian
Xom
Yredelemnul
Zin
The Shining One
Jiyva

Shops:
D:4 (   D:6 !   D:10 **   Orc:2 *[(=   Elf:1 [

Annotations:
Lair:4 1 runed translucent door, Depoub's ghost, journeyman OgIE
Lair:5 1 runed translucent door


Innate Abilities, Weirdness & Mutations

You have very sharp teeth.
Your uncanny sense of smell can sniff out nearby items.
Your experience applies equally to all skills.


Message History

The +2 glaive of venom hits you but does no damage.
You are more poisoned.
You feel very sick.
You hear some strange, mumbled words.
A lance of force appears from out of thin air!
You block the lance of force.
The +2 glaive of venom completely misses you.
You see here a +1 scimitar of draining.
You feel very sick.
You hear some strange, mumbled words.
A lance of force appears from out of thin air!
You block the lance of force.
You block the +2 glaive of venom's attack.
Something completely misses you.
You miss something. You bite something. Okawaru accepts your kill.
Reactivating autopickup.
You feel a bit more experienced.
You hit the +2 glaive of venom but do no damage.
You feel sick.
You hit the +2 glaive of venom.
Your bite misses the +2 glaive of venom.
The +2 glaive of venom is lightly damaged.
You feel sick.
You block the +2 glaive of venom's attack.
You barely miss the +2 glaive of venom.
The +2 glaive of venom is lightly damaged.
You feel sick.
You slash the +2 glaive of venom!
The +2 glaive of venom is moderately damaged.
You feel sick.
The +2 glaive of venom completely misses you.
You completely miss the +2 glaive of venom.
The +2 glaive of venom is moderately damaged.
You hit the +2 glaive of venom.
The +2 glaive of venom is moderately damaged.
You feel sick.
You hit the +2 glaive of venom but do no damage.
The +2 glaive of venom is moderately damaged.
The +2 glaive of venom hits you!
You die...

.###............ ..# ##
##..........# ...#
.###...........## ...#
..#...).........# ....#
................###....#
.................#.....#
.......................#
................)).....#
................@).....#
........)........(.....#
.......................#
.................#.....#
................###....#
..#.............# ....#
.###...........## #...#
##..........# ...#
............


You could see a +2 glaive of venom.

Vanquished Creatures
  A deep elf blademaster (Elf:2)
  Gastronok (Lair:2)
  A frost giant (IceCv)
  2 orc warlords (Orc:2)
  A minotaur (Gauntlet)
  A deep elf annihilator (Elf:2)
  A deep elf death mage (Elf:1)
  Snorg (D:11)
  A deep elf high priest (Elf:2)
  2 boulder beetles
  8 hydras
  4 catoblepae
  A death knight (D:11)
  A two-headed ogre (Orc:1)
  14 death yaks
  27 dancing weapons
  An orc high priest (Orc:2)
  Urug (Lair:2)
  10 deep elf knights
  A wretched star (Gauntlet)
  3 necromancers (Elf:1)
  31 deep elf zephyrmancers
  A lindwurm (Lair:6)
  7 deep elf archers
  23 deep elf pyromancers
  Pikel (D:6)
  An orc knight (Orc:2)
  7 orc sorcerers
  4 manticores
  19 elephants
  3 cyclopes (D:11)
  A rust devil (Gauntlet)
  3 black mambas
  An ice statue (IceCv)
  2 gargoyles
  An unseen horror (D:11)
  12 cane toads
  10 rime drakes
  A freezing wraith (D:10)
  4 komodo dragons
  7 trolls
  5 large abominations (Elf:1)
  7 polar bears
  A raiju (Gauntlet)
  2 hornets
  Prince Ribbit (D:6)
  23 blink frogs
  A slime creature (D:11)
  2 water elementals
  3 shadows (D:11)
  4 wyverns
  72 yaks
  An air elemental (Elf:2)
  A wraith (D:11)
  4 fire bats (Lair:2)
  4 fire elementals
  2 vampires
  A ynoxinul (Gauntlet)
  5 basilisks
  A death yak simulacrum (Lair:2)
  A steam dragon (D:9)
  A neqoxec (Gauntlet)
  5 vampire mosquitoes
  5 wargs (Orc:2)
  3 acid dragons
  14 water moccasins
  A naga (Lair:2)
  A sky beast (D:7)
  2 ice beasts
  34 orc warriors
  6 black bears
  7 ogres
  4 centaurs
  11 wolves
  A small abomination (Gauntlet)
  A lemure (D:6)
  2 phantoms (D:6)
  3 kobold brigands
  An elf zombie (Elf:1)
  15 bullfrogs
  A gnoll sergeant (D:11)
  2 scorpions
  3 earth elementals
  A necrophage (D:6)
  Blork the orc (D:6)
  A cane toad simulacrum (Lair:2)
  8 wights (D:8)
  An elephant simulacrum (Lair:2)
  9 killer bees
  8 electric eels
  2 howler monkeys (D:11)
  2 hounds
  17 orc priests
  4 iron imps (Gauntlet)
  3 jellies
  4 iguanas
  2 lightning spires (Gauntlet)
  25 orc wizards
  10 gnolls
  7 adders
  2 white imps
  2 ufetubi
  11 dart slugs
  A worm (D:4)
  90 orcs
  6 endoplasms
  3 giant cockroaches
  5 goblins
  9 hobgoblins
  11 jackals
  24 kobolds
  5 quokkas
  6 ball pythons
  4 bats
  A frilled lizard (D:2)
  6 rats
777 creatures vanquished.

Vanquished Creatures (others)
  2 deep elf knights (Elf:1)
  A queen bee (shapeshifter) (Elf:1)
  An orc priest (Orc:2)
  74 fungi
  80 plants
  7 toadstools (D:1)
165 creatures vanquished.

Grand Total: 942 creatures vanquished

Notes
Turn   | Place    | Note
-------+----------+-------------------------------------------
     0 | D:5      | Reached skill level 9 in Stealth
     0 | D:5      | DocClef the Gnoll Delver began the quest for the Orb.
     0 | D:5      | Reached XP level 1. HP: 23/23 MP: 1/1
   128 | D:5      | Reached XP level 2. HP: 29/29 MP: 2/2
   146 | D:5      | Reached XP level 3. HP: 35/35 MP: 2/4
   164 | D:5      | Reached skill level 1 in Long Blades
   164 | D:5      | Reached skill level 1 in Axes
   164 | D:5      | Reached skill level 1 in Maces & Flails
   164 | D:5      | Reached skill level 1 in Polearms
   164 | D:5      | Reached skill level 1 in Staves
   164 | D:5      | Reached skill level 1 in Slings
   164 | D:5      | Reached skill level 1 in Bows
   164 | D:5      | Reached skill level 1 in Crossbows
   164 | D:5      | Reached skill level 1 in Throwing
   164 | D:5      | Reached skill level 1 in Armour
   164 | D:5      | Reached skill level 1 in Shields
   164 | D:5      | Reached skill level 1 in Unarmed Combat
   164 | D:5      | Reached skill level 1 in Spellcasting
   164 | D:5      | Reached skill level 1 in Invocations
   164 | D:5      | Reached skill level 1 in Evocations
   164 | D:5      | Reached XP level 4. HP: 31/41 MP: 3/5
   287 | D:4      | Identified the +5 ring mail "Zoleuw" {rN+ Slay+2}
   460 | D:4      | Noticed a scorpion
   473 | D:4      | Killed a scorpion
   474 | D:4      | Reached skill level 1 in Conjurations
   474 | D:4      | Reached skill level 1 in Hexes
   474 | D:4      | Reached skill level 1 in Summonings
   474 | D:4      | Reached skill level 1 in Necromancy
   474 | D:4      | Reached skill level 1 in Translocations
   474 | D:4      | Reached skill level 1 in Transmutations
   474 | D:4      | Reached skill level 1 in Fire Magic
   474 | D:4      | Reached skill level 1 in Ice Magic
   474 | D:4      | Reached skill level 1 in Air Magic
   474 | D:4      | Reached skill level 1 in Earth Magic
   474 | D:4      | Reached skill level 1 in Poison Magic
   474 | D:4      | Reached XP level 5. HP: 46/47 MP: 5/7
   561 | D:4      | Found Siotur's Weapon Shop.
   587 | D:4      | Noticed a black bear
   590 | D:4      | Killed a black bear
   591 | D:4      | Reached XP level 6. HP: 53/53 MP: 8/8
   793 | D:4      | Found a broken altar of Ashenzari.
   821 | D:4      | Reached skill level 5 in Short Blades
   821 | D:4      | Reached skill level 5 in Dodging
  1353 | D:4      | Found a bloodstained altar of Trog.
  2281 | D:2      | Reached XP level 7. HP: 58/59 MP: 10/10
  3106 | D:1      | Found a faded altar of an unknown god.
  4423 | D:6      | Noticed Prince Ribbit
  4445 | D:6      | Noticed Blork the orc
  4463 | D:6      | Killed Prince Ribbit
  4464 | D:6      | Reached skill level 10 in Stealth
  4785 | D:6      | Reached XP level 8. HP: 65/67 MP: 12/12
  5137 | D:6      | Noticed Pikel
  5200 | D:6      | Killed Pikel
  5397 | D:6      | Reached XP level 9. HP: 72/72 MP: 14/14
  5545 | D:6      | Found a glowing silver altar of Zin.
  5615 | D:6      | Found Josergh's Distillery.
  5618 | D:6      | Bought a potion of mutation for 88 gold pieces
  6047 | D:6      | Killed Blork the orc
  6088 | D:6      | Found a hide-covered altar of Uskayaw.
  6695 | D:7      | Found a staircase to the Ecumenical Temple.
  6695 | D:7      | Noticed a hornet
  6703 | D:7      | Killed a hornet
  6772 | Temple   | Entered the Ecumenical Temple
  6831 | Temple   | Became a worshipper of Warmaster Okawaru
  7213 | D:7      | Reached skill level 5 in Invocations
  7579 | D:8      | Identified the +7 short sword of Moderation {holy, Str+4}
  7702 | D:7      | Reached * piety under Okawaru
  7703 | D:7      | Reached XP level 10. HP: 59/80 MP: 17/17
  7955 | D:7      | Reached skill level 5 in Long Blades
  7955 | D:7      | Reached skill level 5 in Axes
  7955 | D:7      | Reached skill level 5 in Maces & Flails
  7955 | D:7      | Reached skill level 5 in Polearms
  7955 | D:7      | Reached skill level 5 in Staves
  7955 | D:7      | Reached skill level 5 in Slings
  7955 | D:7      | Reached skill level 5 in Bows
  7955 | D:7      | Reached skill level 5 in Crossbows
  7955 | D:7      | Reached skill level 5 in Throwing
  7955 | D:7      | Reached skill level 5 in Armour
  7955 | D:7      | Reached skill level 5 in Shields
  7955 | D:7      | Reached skill level 5 in Unarmed Combat
  7955 | D:7      | Reached skill level 5 in Spellcasting
  7955 | D:7      | Reached skill level 5 in Evocations
  8243 | D:8      | Found an ornate altar of the Wu Jian Council.
  8277 | D:8      | Reached skill level 11 in Stealth
  8428 | D:8      | Reached ** piety under Okawaru
  8887 | D:8      | Found an opulent altar of Gozag.
  9262 | D:9      | Reached XP level 11. HP: 61/87 MP: 19/19
  9266 | D:9      | Reached *** piety under Okawaru
  9672 | D:9      | Found a sparkling altar of Nemelex Xobeh.
  9678 | D:9      | Found an ancient bone altar of Kikubaaqudgha.
  9678 | D:9      | Found a shimmering altar of Xom.
  9679 | D:9      | Found a shadowy altar of Dithmenos.
  9679 | D:9      | Found a stormy altar of Qazlal.
  9751 | D:9      | Reached skill level 5 in Conjurations
  9751 | D:9      | Reached skill level 5 in Hexes
  9751 | D:9      | Reached skill level 5 in Summonings
  9751 | D:9      | Reached skill level 5 in Necromancy
  9751 | D:9      | Reached skill level 5 in Translocations
  9751 | D:9      | Reached skill level 5 in Transmutations
  9751 | D:9      | Reached skill level 5 in Fire Magic
  9751 | D:9      | Reached skill level 5 in Ice Magic
  9751 | D:9      | Reached skill level 5 in Air Magic
  9751 | D:9      | Reached skill level 5 in Earth Magic
  9751 | D:9      | Reached skill level 5 in Poison Magic
  9800 | D:9      | Found a hazy altar of Hepliaklqana.
  9968 | D:9      | Found a staircase to the Lair.
 10285 | Lair:1   | Entered Level 1 of the Lair of Beasts
 10632 | Lair:1   | Received a gift from Okawaru
 11434 | Lair:2   | Noticed a boulder beetle
 11459 | Lair:2   | Reached **** piety under Okawaru
 11463 | Lair:2   | Noticed Gastronok
 11463 | Lair:2   | Found a staircase to the Snake Pit.
 11547 | Lair:2   | Killed a boulder beetle
 11549 | Lair:2   | Found a gate leading to a gauntlet.
 11567 | Lair:2   | Killed Gastronok
 11577 | Gauntlet | Entered a Gauntlet
 11577 | Gauntlet | Found a transporter.
 11577 | Gauntlet | Found a transporter.
 11581 | Gauntlet | Found a transporter.
 11584 | Gauntlet | Found a transporter.
 11584 | Gauntlet | Found a transporter.
 11622 | Gauntlet | Found a transporter.
 11625 | Gauntlet | Found a transporter.
 11625 | Gauntlet | Found a transporter.
 11629 | Gauntlet | Found a runed translucent door.
 11632 | Gauntlet | Noticed a green death
 11636 | Gauntlet | Found a runed translucent door.
 11639 | Gauntlet | Found a transporter.
 11654 | Gauntlet | Found a runed translucent gate.
 11655 | Gauntlet | Found a transporter.
 11655 | Gauntlet | Found a runed translucent gate.
 11656 | Gauntlet | Found a runed translucent gate.
 11659 | Gauntlet | Noticed a wretched star
 11665 | Gauntlet | Found a transporter.
 11665 | Gauntlet | Noticed a glowing orange brain
 11666 | Gauntlet | Noticed a cyan ugly thing
 11666 | Gauntlet | Noticed a cyan ugly thing
 11668 | Gauntlet | Noticed a glowing orange brain
 11679 | Gauntlet | Found a transporter.
 11699 | Gauntlet | Found a transporter.
 11711 | Gauntlet | Found a transporter.
 11810 | Gauntlet | Identified a scroll of acquirement
 11810 | Gauntlet | Acquired 570 gold pieces
 11873 | Gauntlet | Reached XP level 12. HP: 96/96 MP: 22/22
 11915 | Gauntlet | Killed a wretched star
 11915 | Gauntlet | Received a gift from Okawaru
 11926 | Gauntlet | Identified the ring of the Lizard {Str+6 Dex+5}
 11946 | Gauntlet | Identified the +2 ring mail of Indemnity {Rampage +Blink
                  | rElec Str+7}
 11946 | Gauntlet | Identified the ring of Suspected Treachery {EV+4 Str-3
                  | Dex+4 SInv Stlth+}
 11946 | Gauntlet | Noticed a minotaur
 11958 | Gauntlet | Killed a minotaur
 12011 | Gauntlet | Identified the +1 hat "Hyexty Ucsa" {rElec Int+2}
 12012 | Gauntlet | Got the Catalogue of Translocation
 12077 | Lair:2   | Reached ***** piety under Okawaru
 12077 | Lair:2   | Received a gift from Okawaru
 12101 | Lair:2   | Found a frozen archway.
 12124 | IceCv    | Entered an ice cave
 12128 | IceCv    | Received a gift from Okawaru
 12192 | IceCv    | Noticed a death yak
 12208 | IceCv    | Reached skill level 12 in Stealth
 12223 | IceCv    | Killed a death yak
 12224 | IceCv    | Reached skill level 10 in Fighting
 12281 | IceCv    | Noticed a death yak
 12283 | IceCv    | Killed a death yak
 12285 | IceCv    | Noticed a death yak
 12288 | IceCv    | Killed a death yak
 12647 | IceCv    | Noticed a death yak
 12650 | IceCv    | Received a gift from Okawaru
 12654 | IceCv    | Noticed a death yak
 12656 | IceCv    | Noticed a death yak
 12667 | IceCv    | Killed a death yak
 12676 | IceCv    | Killed a death yak
 12683 | IceCv    | Reached XP level 13. HP: 95/103 MP: 19/24
 12734 | IceCv    | Noticed a frost giant
 12761 | IceCv    | Killed a frost giant
 12777 | IceCv    | Received a gift from Okawaru
 13066 | Lair:2   | Reached ****** piety under Okawaru
 13174 | Lair:2   | Received a gift from Okawaru
 13462 | Lair:2   | Received a gift from Okawaru
 13745 | Lair:2   | Noticed Urug
 13751 | Lair:2   | Killed Urug
 14082 | Lair:3   | Received a gift from Okawaru
 14568 | Lair:3   | Received a gift from Okawaru
 14617 | Lair:3   | Identified the +1 scale mail of the Old World {Int+2}
 14672 | Lair:3   | Identified the +4 scale mail of Gallantry {rElec rN+}
 15561 | Lair:4   | Found a runed translucent door.
 15561 | Lair:4   | Found a shimmering altar of Xom.
 15561 | Lair:4   | Noticed Depoub's ghost (journeyman OgIE)
 15561 | Lair:4   | Identified the +0 demon blade of the Feeding Boar {chaos,
                  | rF+ rC+ MP+9}
 15845 | Lair:4   | Reached skill level 10 in Short Blades
 15845 | Lair:4   | Reached skill level 10 in Dodging
 15883 | Lair:4   | Found a staircase to the Swamp.
 15887 | Lair:4   | Reached XP level 14. HP: 113/113 MP: 26/26
 16265 | Lair:5   | Found a viscous altar of Jiyva.
 16266 | Lair:5   | Found a runed translucent door.
 16267 | Lair:5   | Found a staircase to the Slime Pits.
 16497 | Lair:5   | Reached skill level 13 in Stealth
 16500 | Lair:5   | Identified the +4 scale mail of Mevvaes {rElec Int+2}
 16649 | Lair:5   | Identified the +4 mace of Bemos {vorpal, +Blink Fly}
 16895 | Lair:6   | Entered Level 6 of the Lair of Beasts
 17272 | Lair:6   | Reached skill level 10 in Invocations
 17869 | Lair:6   | Received a gift from Okawaru
 18143 | Lair:6   | Received a gift from Okawaru
 18349 | Lair:6   | Identified the +9 plate armour "Virhuuh" {Fly Int+6 Dex-2
                  | Stlth+} (Okawaru gifted it to you on level 6 of the Lair of
                  | Beasts)
 18349 | Lair:6   | Received a gift from Okawaru
 18649 | Lair:6   | Reached XP level 15. HP: 38/120 MP: 28/28
 19053 | Lair:6   | Identified the +0 scale mail "Hesuggodogg" {Rampage Str-4
                  | Int+2}
 19400 | D:10     | Entered Level 10 of the Dungeon
 20052 | D:10     | Identified the amulet of the Salmon {Acrobat Dex+10}
 20152 | D:10     | Found Peeqitio's Assorted Antiques.
 20179 | D:10     | Found Muogiloa's Elemental Accessories.
 20603 | D:11     | Noticed Snorg
 20620 | D:11     | Killed Snorg
 20952 | D:11     | Reached skill level 10 in Long Blades
 20952 | D:11     | Reached skill level 10 in Axes
 20952 | D:11     | Reached skill level 10 in Maces & Flails
 20952 | D:11     | Reached skill level 10 in Polearms
 20952 | D:11     | Reached skill level 10 in Staves
 20952 | D:11     | Reached skill level 10 in Slings
 20952 | D:11     | Reached skill level 10 in Bows
 20952 | D:11     | Reached skill level 10 in Crossbows
 20952 | D:11     | Reached skill level 10 in Throwing
 20952 | D:11     | Reached skill level 10 in Armour
 20952 | D:11     | Reached skill level 10 in Shields
 20952 | D:11     | Reached skill level 10 in Unarmed Combat
 20952 | D:11     | Reached skill level 10 in Spellcasting
 20952 | D:11     | Reached skill level 10 in Evocations
 21384 | D:11     | Identified the +1 buckler of Fepax {Stlth+}
 21533 | D:11     | Found a staircase to the Orcish Mines.
 22087 | Orc:1    | Entered Level 1 of the Orcish Mines
 22101 | Orc:1    | Identified the +2 pair of gloves of Pan-Flutes {Harm}
                  | (Okawaru gifted it to you on level 1 of the Orcish Mines)
 22101 | Orc:1    | Received a gift from Okawaru
 22288 | Orc:2    | Entered Level 2 of the Orcish Mines
 22288 | Orc:2    | Found a staircase to the Elven Halls.
 22363 | Orc:2    | Found Reffa's Jewellery Shoppe.
 22410 | Orc:2    | Found Pecliz's Antique Weapon Shoppe.
 22515 | Orc:2    | Found Usakiz's General Store.
 22515 | Orc:2    | Noticed an orc warlord
 22520 | Orc:2    | Paralysed by an orc sorcerer for 5 turns
 22538 | Orc:2    | Killed an orc warlord
 22728 | Orc:2    | Found Rutryeq's Antique Armour Shoppe.
 23209 | Orc:2    | Noticed an orc warlord
 23238 | Orc:2    | Killed an orc warlord
 23916 | Elf:1    | Entered Level 1 of the Elven Halls
 23963 | Elf:1    | Reached skill level 14 in Stealth
 23976 | Elf:1    | Reached XP level 16. HP: 124/128 MP: 25/30
 25450 | Elf:1    | Received a gift from Okawaru
 25560 | Elf:1    | Got the Incunabulum of Altruism
 25579 | Elf:1    | Found Ledil's Armour Boutique.
 26072 | Elf:2    | Received a gift from Okawaru
 26226 | Elf:2    | Found a runed translucent gate.
 26227 | Elf:2    | Found a runed translucent gate.
 26552 | Elf:2    | Identified the +2 falchion "Widowermaker" {flame, rF+
                  | Str+2}
 26660 | Elf:2    | Received a gift from Okawaru
 26967 | Elf:2    | Found a runed translucent gate.
 27060 | Elf:2    | Noticed a deep elf blademaster
 27074 | Elf:2    | Killed a deep elf blademaster
 27142 | Elf:2    | Reached XP level 17. HP: 136/136 MP: 32/32
 27152 | Elf:2    | Received a gift from Okawaru
 27162 | Elf:2    | Received a gift from Okawaru
 27314 | Elf:2    | Slain by a +2 glaive of venom

Illustrated notes

Levels and vault maps discovered:
D:1:      nagdon_arrival_double_spiral, layout_basic,
          dreamdust_ecumenical_altar_statues, grunt_decor_clamped
D:2:      layout_basic, corexii_corridor_pit
D:3:      layout_rooms, chequers_serial_rivers_small_a
D:4:      layout_loops_cross, ashenzari_altar_1, trog_hazing_becter,
          serial_shops, shop, patterned_corridor
D:5:      layout_basic
D:6:      kennysheep_slugbush, layout_basic, lemuel_doored_altar,
          mainiacjoe_overflow_catwalk, serial_shops, kennysheep_mini_moat,
          uniq_pikel, uniq_blork_the_orc, uniq_prince_ribbit1
D:7:      layout_loops_corners, minmay_temple_entry_proselytizer
D:8:      layout_basic, nicolae_overflow_crystal_walls, grunt_gozag_breadcrumbs
D:9:      layout_loops_ring, lemuel_round_altar, minitemple,
          grunt_lair_entry_orc_guard_hut
D:10:     layout_layer_cave, serial_shops, nicolae_shop_crystal,
          nicolae_elemental_shop
D:11:     cheibrodos_ideogram_h, layout_basic, uniq_snorg
Temple:   jpeg_temple_alley_garden
Lair:1:   layout_cave_pods, nicolae_quartered_pool_impasse, minivault_27
Lair:2:   nzn_winding_woodlands_small [nzn_winding_woodlands_5x15_sidewinder,
          nzn_winding_woodlands_center_pierced_h,
          nzn_winding_woodlands_5x15_twine], layout_gridlike,
          guppyfry_snake_entry_island, portal_ice_cave_entry_ice_simulacra,
          gauntlet_entry_generic, uniq_gastronok, uniq_urug
Lair:3:   layout_misc_corridors, grunt_megastairs_1, lemuel_fruit_tree
Lair:4:   layout_regular_city, minmay_swamp_entry_eels, ebering_ghost_xom
Lair:5:   layout_loops_ring, slime_altar_2
Lair:6:   evilmike_catoblepas_cave, layout_regular_city
Orc:1:    layout_caves
Orc:2:    grunt_orc_gardens, layout_caves, grunt_orc_garden, grunt_orc_garden,
          grunt_orc_garden, grunt_orc_garden, elves_outpost_lemuel
Elf:1:    minmay_elf_arrival_plus, layout_geoelf_diagonals, serial_shops,
          nicolae_shop_behind_doors, minmay_elf_necromancy,
          minmay_misc_feat_pillars, grunt_megastairs_3
Elf:2:    elven_hall_of_blades_hangedman_original
          [nicolae_blade_entry_antechamber], layout_onion_city,
          dk_noncrumbling_2, st_stairs_10, kennysheep_underground_church

Skill      XL: |  1  2  3  4  5  6  7  8  9 10 11 12 13 14 15 16 |
---------------+-------------------------------------------------+-----
Stealth        | 10 11 12 13 14 | 14.6
Long Blades    | 1 2 3 4 5 6 7 8 9 10 11 | 11.5
Axes           | 1 2 3 4 5 6 7 8 9 10 11 | 11.5
Maces & Flails | 1 2 3 4 5 6 7 8 9 10 11 | 11.5
Polearms       | 1 2 3 4 5 6 7 8 9 10 11 | 11.5
Staves         | 1 2 3 4 5 6 7 8 9 10 11 | 11.5
Slings         | 1 2 3 4 5 6 7 8 9 10 11 | 11.5
Bows           | 1 2 3 4 5 6 7 8 9 10 11 | 11.5
Crossbows      | 1 2 3 4 5 6 7 8 9 10 11 | 11.5
Throwing       | 1 2 3 4 5 6 7 8 9 10 11 | 11.5
Armour         | 1 2 3 4 5 6 7 8 9 10 11 | 11.5
Shields        | 1 2 3 4 5 6 7 8 9 10 11 | 11.5
Unarmed Combat | 1 2 3 4 5 6 7 8 9 10 11 | 11.5
Spellcasting   | 1 2 3 4 5 6 7 8 9 10 11 | 11.5
Invocations    | 1 2 3 4 5 6 7 8 9 10 11 12 | 12.4
Evocations     | 1 2 3 4 5 6 7 8 9 10 11 | 11.5
Conjurations   | 1 2 3 4 5 6 7 8 9 |  9.7
Hexes          | 1 2 3 4 5 6 7 8 9 |  9.7
Summonings     | 1 2 3 4 5 6 7 8 9 |  9.7
Necromancy     | 1 2 3 4 5 6 7 8 9 |  9.7
Translocations | 1 2 3 4 5 6 7 8 9 |  9.7
Transmutations | 1 2 3 4 5 6 7 8 9 |  9.7
Fire Magic     | 1 2 3 4 5 6 7 8 9 |  9.7
Ice Magic      | 1 2 3 4 5 6 7 8 9 |  9.7
Air Magic      | 1 2 3 4 5 6 7 8 9 |  9.7
Earth Magic    | 1 2 3 4 5 6 7 8 9 |  9.7
Poison Magic   | 1 2 3 4 5 6 7 8 9 |  9.7
Short Blades   | 5 6 7 8 9 10 11 12 | 12.3
Dodging        | 5 6 7 8 9 10 11 12 | 12.3
Fighting       | 7 8 9 10 11 12 13 | 13.1

Action                   |  1- 3 |  4- 6 |  7- 9 | 10-12 | 13-15 | 16-18 || total
-------------------------+-------+-------+-------+-------+-------+-------++-------
Melee: Short sword       |    13 |    44 |       |    26 |    70 |       ||   153
       Bite              |       |     8 |    44 |    93 |   183 |    71 ||   399
       Spear             |       |    94 |   265 |       |       |       ||   359
       Punch             |       |     2 |    15 |    41 |    79 |       ||   137
       Flail             |       |       |    16 |       |       |       ||    16
       War axe           |       |       |   124 |   533 |  1125 |   467 ||  2249
Throw: Throwing net      |       |       |       |       |     1 |       ||     1
Invok: Heroism           |       |       |       |    19 |    14 |    12 ||    45
       Finesse           |       |       |       |     6 |     6 |     8 ||    20
Evoke: Wand              |       |       |     1 |       |       |       ||     1
  Use: Potion            |       |     3 |       |       |       |     1 ||     4
       Scroll            |       |       |       |    17 |     8 |       ||    25
 Stab: Sleeping          |     2 |    18 |    26 |    15 |    31 |    17 ||   109
       Distracted        |     1 |       |       |     2 |     5 |     1 ||     9
       Paralysed         |       |       |     4 |       |       |       ||     4
Armor: Ring mail         |       |    48 |   148 |   278 |   461 |       ||   935
       Leather armour    |       |     1 |       |       |       |       ||     1
       Quicksilver drago |       |       |       |       |     9 |   103 ||   112
Dodge: Dodged            |     5 |   102 |   197 |   554 |  1286 |   271 ||  2415
Block: Buckler           |       |       |       |       |   156 |   160 ||   316

Table legend: (Time is in decaauts)
 A = Elapsed time spent in this place.
 B = Non-inter-level travel time spent in this place.
 C = Inter-level travel time spent in this place.
 D = Time resting spent in this place.
 E = Time spent auto-exploring this place.
 F = Levels seen in this place.
 G = Mean time per level.
                   A        B        C        D        E       F      G
               +--------+--------+--------+--------+--------+-----+--------+
         Total |  27099 |  25917 |   1182 |   3226 |  16755 |  24 | 1129.1 |
       Dungeon |  13030 |  12288 |    742 |    980 |   8864 |  11 | 1184.5 |
        Temple |     88 |     60 |     28 |      0 |     28 |   1 |   88.0 |
          Lair |   7766 |   7560 |    206 |   1036 |   5093 |   6 | 1294.3 |
  Orcish Mines |   1800 |   1639 |    161 |      0 |   1117 |   2 |  900.0 |
   Elven Halls |   3226 |   3181 |     45 |    966 |   1417 |   2 | 1613.0 |
      Ice Cave |    739 |    739 |      0 |    208 |    235 |   1 |  739.0 |
      Gauntlet |    446 |    446 |      0 |     36 |      0 |   1 |  446.0 |
               +--------+--------+--------+--------+--------+-----+--------+

Top non-repeatable levels by time:
  Lair:6: 2359 daAuts
   Elf:1: 2207 daAuts
     D:6: 1753 daAuts
     D:7: 1629 daAuts
    D:11: 1498 daAuts
     D:4: 1409 daAuts
   Orc:2: 1305 daAuts
  Lair:2: 1256 daAuts
     D:9: 1255 daAuts
  Lair:3: 1249 daAuts
  Lair:1: 1220 daAuts
    D:10: 1184 daAuts
     D:8: 1173 daAuts
     D:2: 1064 daAuts
   Elf:2: 1018 daAuts
